 Dungeon Crawl Stone Soup version 0.17.0-28-g6e173f8 (webtiles) character file.

48460 4thArraOfDagon the Severer (level 14, -8/118 HPs)
             Began as a Minotaur Berserker on Nov 22, 2015.
             Was a Believer of Trog.
             Killed from afar by Nikola (18 damage)
             ... with a chain lightning
             ... on level 4 of the Shoals.
             The game lasted 00:42:24 (6693 turns).

4thArraOfDagon the Severer (Minotaur Berserker)     Turns: 6693, Time: 00:42:24

Health: -8/118     AC: 30    Str: 19    XL:     14   Next: 12%
Magic:  5/20       EV:  7    Int:  8    God:    Trog [**....]
Gold:   636        SH:  0    Dex: 10    Spells: 0 memorised, 13 levels left

rFire  + . .     SeeInvis .     r - +0 battleaxe
rCold  . . .     Clarity  .     J - +10 plate armour "Main" {*Contam +Blink rPois Str-4}
rNeg   + . .     SustAt   .     (shield currently unavailable)
rPois  +         Gourm    .     (helmet restricted)
rElec  .         Spirit   .     F - +2 cloak {rF+}
rCorr  +         Warding  .     (no gloves)
rMut   .         Rnd*Tele +     (no boots)
MR     +++..                    g - amulet of resist corrosion
Stlth  ..........               T - ring of positive energy
                                p - ring of teleportation

@: very slightly contaminated, regenerating, studying Fighting, extremely
resistant to hostile enchantments, extremely unstealthy
A: retaliatory headbutt, horns 2
a: Berserk, Trog's Hand, Burn Spellbooks, Renounce Religion, Evoke Blink, Evoke
Teleportation


You were on level 4 of the Shoals.
You worshipped Trog.
Trog was pleased with you.
You were hungry.

You visited 4 branches of the dungeon, and saw 24 of its levels.
You also visited: Labyrinth, Ossuary and Volcano.

You collected 1453 gold pieces.
You spent 817 gold pieces at shops.

Inventory:

Hand Weapons
 r - a +0 battleaxe (weapon)
 w - a +2 hand axe of electrocution
 y - a +3 spear of distortion
Missiles
 h - 2 throwing nets
 B - 7 silver tomahawks (quivered)
Armour
 F - a +2 cloak of fire resistance (worn)
 J - the +10 plate armour "Main" (worn) {*Contam +Blink rPois Str-4}
   (You found it in a labyrinth)

   It affects your strength (-4).
   It protects you from poison.
   It lets you blink.
   It causes magical contamination when unequipped.
Magical Staves
 S - an uncursed staff of conjuration {unknown}
Rods
 K - a +3 rod of destruction (9/9)
   (You found it in a labyrinth)
Jewellery
 d - an uncursed ring of poison resistance
 g - an amulet of resist corrosion (around neck)
 o - a +3 ring of intelligence
 p - a ring of teleportation (left hand)
 L - an uncursed ring of wizardry
 T - a ring of positive energy (right hand)
Wands
 f - a wand of fire (4)
 j - a wand of heal wounds (6)
 l - a wand of draining (11)
 x - a wand of polymorph (5)
 R - a wand of random effects (28)
Scrolls
 n - 5 scrolls of remove curse
 s - a scroll of fog
 E - 3 scrolls of enchant weapon
 G - a scroll of noise
Potions
 e - 2 potions of haste
 m - a potion of curing
 q - a potion of lignification
 t - 4 potions of agility
 u - 2 potions of degeneration {unknown}
 v - 2 potions of ambrosia {unknown}
 A - a potion of cancellation
 C - 4 potions of might
 D - 2 potions of berserk rage
Books
 a - a book of Transfigurations

   Spells                             Type                      Level
   a - Stoneskin                      Transmutation/Earth          2
   b - Irradiate                      Conjuration/Transmutation    5
   c - Statue Form                    Transmutation/Earth          6
   d - Hydra Form                     Transmutation                6
   e - Dragon Form                    Transmutation                7
   Trog disapproves of the use of such an item.
 b - a manual of Fighting
 N - a book of Changes

   Spells                             Type                      Level
   a - Beastly Appendage              Transmutation                1
   b - Sticks to Snakes               Transmutation                2
   c - Spider Form                    Transmutation/Poison         3
   d - Ice Form                       Ice/Transmutation            4
   e - Blade Hands                    Transmutation                5
   Trog disapproves of the use of such an item.
 O - a book of Flames

   Spells                             Type                      Level
   a - Flame Tongue                   Conjuration/Fire             1
   b - Throw Flame                    Conjuration/Fire             2
   c - Conjure Flame                  Conjuration/Fire             3
   d - Inner Flame                    Hexes/Fire                   3
   e - Sticky Flame                   Conjuration/Fire             4
   f - Fireball                       Conjuration/Fire             5
   Trog disapproves of the use of such an item.
 P - the Collected Works on Blistering Confrontation
   (You found it in a labyrinth)

   Spells                             Type                      Level
   a - Flame Tongue                   Conjuration/Fire             1
   b - Static Discharge               Conjuration/Air              3
   c - Inner Flame                    Hexes/Fire                   3
   d - Sticky Flame                   Conjuration/Fire             4
   Trog disapproves of the use of such an item.
Miscellaneous
 H - a phantom mirror
 Q - a plain deck of wonders {drawn: 1}
Comestibles
 c - 9 bread rations
 k - 6 meat rations
 z - 12 fruits
 I - a chunk of flesh


   Skills:
 - Level 9.1 Fighting
 * Level 19.2 Axes
 + Level 14.4 Armour
 - Level 2.1 Dodging
 * Level 10.3 Evocations


You had 13 spell levels left.
You didn't know any spells.

Dungeon Overview and Level Annotations

Branches:
Dungeon (10/15)            Temple (0/1) D:5            Lair (6/8) D:10
 Shoals (4/4) Lair:3          Orc (4/4) D:9
  Snake: Lair:3-6    Spider: Lair:3-6     Slime: Lair:6-8       Elf: Orc:3-4

Altars:
Sif Muna
Vehumet
Xom
Yredelemnul
Zin
The Shining One

Shops:
D:5 =

Annotations:
D:3 1 runed door
Lair:4 exclusion: ice statue
Shoals:4 Ilsuiw; Nikola; Raultor's ghost, adept HOGl


Innate Abilities, Weirdness & Mutations

You reflexively headbutt those who attack you in melee.
You have a pair of horns on your head.


Message History

The lightning arc hits Nikola.
The lightning arc hits the merfolk javelineer.
The lightning arc hits Nikola.
The lightning arc hits the merfolk javelineer.
The merfolk javelineer dies!
The lightning arc hits you!
* * * LOW HITPOINT WARNING * * *
Found a spear.
A merfolk impaler comes into view. It is wielding a trident of venom.
Unknown command.
Unknown command.
A merfolk comes into view. It is wielding a trident.
The merfolk impaler shouts!
The merfolk shouts!
Nikola gestures wildly while chanting.
You hear a mighty clap of thunder!
The lightning arc hits you!
* * * LOW HITPOINT WARNING * * *
The lightning arc hits the merfolk impaler.
The lightning arc hits you!
You die...

≈≈≈≈≈≈≈≈≈≈≈≈≈≈≈
≈≈≈≈≈≈≈≈≈≈≈≈≈≈≈
≈≈≈≈≈≈≈≈≈≈≈≈≈≈≈
≈≈≈≈≈≈≈≈≈≈≈≈≈≈≈
≈≈≈≈≈≈≈≈≈≈≈.≈
.......≈≈≈≈
#.m....≈m≈ ≈..
#......≈≈ ≈≈.
#@.....≈≈ ≈≈.
#≈.φ..'......≈≈
P≈≈
#≈....#........
≈≈.
##...##.@).....
.≈. ####
......... ≈P≈
.........
.......PP
≈......... ...
≈P≈≈...
....PPPP≈≈≈


You could see Nikola and 2 merfolk impalers.

Vanquished Creatures
  3 merfolk javelineers
  A minotaur (Lab)
  2 merfolk impalers
  An ice dragon (Lair:4)
  Erolcha (D:8)
  2 merfolk aquamancers
  An alligator (Shoals:2)
  7 sea snakes
  A hill giant (D:9)
  Pikel (D:6)
  21 harpies
  An orc knight (Orc:4)
  A cyclops (Shoals:2)
  2 fauns (Shoals:1)
  5 griffons
  3 sirens (Shoals:3)
  2 water nymphs
  2 elephants
  2 orange demons (D:10)
  A sixfirhy (Orc:4)
  3 manticores
  A komodo dragon (Lair:3)
  A spiny frog (Lair:3)
  3 red devils (D:10)
  A troll (D:9)
  2 two-headed ogres
  16 merfolk
  2 wind drakes (Shoals:3)
  3 snapping turtles
  A blink frog (Lair:4)
  2 deep elf magi
  4 vampires (Volcano)
  8 water elementals
  A spriggan (D:9)
  2 flying skulls (Volcano)
  2 yaks (Lair:2)
  4 basilisks (Lab)
  A wraith (Ossuary)
  2 wyverns
  Grum (D:10)
  2 wargs (D:10)
  4 hippogriffs
  Edmund (D:5)
  4 wolves (D:10)
  A water moccasin (D:9)
  A porcupine (Lair:1)
  2 hungry ghosts
  7 ogres
  A slave (D:6)
  A phantom (D:9)
  5 ice beasts
  A sky beast (D:5)
  A black bear (D:9)
  12 orc warriors
  3 crocodiles
  A necrophage (D:10)
  A big kobold (D:8)
  2 giant frogs (Lair:3)
  An elf skeleton (D:7)
  A water moccasin skeleton (D:10)
  A scorpion (D:8)
  6 killer bees (D:9)
  A crimson imp (D:9)
  3 hounds
  A quasit (D:9)
  15 orc wizards
  A giant frog skeleton (D:10)
  14 orc priests
  A centaur skeleton (D:4)
  A human skeleton (D:7)
  An iguana (D:9)
  A worker ant (D:6)
  6 sheep
  A killer bee zombie (D:8)
  A hound zombie (D:8)
  A mummy (Ossuary)
  5 adders
  3 gnolls (D:6)
  3 river rats (Lair:3)
  2 shadow imps
  A white imp (Lair:4)
  An adder zombie (D:8)
  A worm (D:4)
  2 giant geckos
  81 orcs
  3 giant cockroaches
  2 goblins (D:2)
  4 hobgoblins
  A ball python (D:5)
  A giant gecko skeleton (D:9)
  3 giant newts
  2 gnoll skeletons (Ossuary)
  2 goblin skeletons
  A goblin zombie (D:9)
  A hobgoblin zombie (D:9)
  5 kobolds
  2 kobold skeletons
  2 kobold zombies (D:9)
  10 orc skeletons (Ossuary)
  2 orc zombies (D:9)
  2 rats (D:2)
  A butterfly (Lair:3)
370 creatures vanquished.

Vanquished Creatures (collateral kills)
  A hydra (Lair:3)
  A griffon (Lair:4)
  3 elephants (Lair:4)
  A spiny frog (Lair:3)
  4 yaks (Lair:2)
  2 porcupines
  A crocodile (Lair:4)
  A giant frog (Lair:4)
  3 sheep (Lair:3)
  4 river rats (Lair:3)
  A butterfly (Lair:3)
22 creatures vanquished.

Vanquished Creatures (others)
  A merfolk javelineer (Shoals:4)
  A slave (D:6)
  2 fungi (Lair:2)
  6 plants
10 creatures vanquished.

Grand Total: 402 creatures vanquished

Notes
Turn   | Place    | Note
--------------------------------------------------------------
     0 | D:1      | 4thArraOfDagon the Minotaur Berserker began the quest for the Orb.
     0 | D:1      | Reached XP level 1. HP: 19/19 MP: 0/0
    36 | D:2      | Reached skill level 4 in Axes
    36 | D:2      | Reached XP level 2. HP: 14/27 MP: 1/1
   238 | D:3      | Found a runed door.
   238 | D:3      | Noticed a human
   252 | D:3      | Reached XP level 3. HP: 14/33 MP: 2/2
   253 | D:3      | Found a basalt altar of Yredelemnul.
   416 | D:5      | Entered Level 5 of the Dungeon
   449 | D:5      | Found a staircase to the Ecumenical Temple.
   473 | D:5      | Reached XP level 4. HP: 37/40 MP: 3/3
   490 | D:5      | Reached ** piety under Trog
   495 | D:5      | Reached skill level 5 in Axes
   500 | D:5      | Reached XP level 5. HP: 6/47 MP: 4/4
   539 | D:5      | Found Dinynnul's Jewellery Emporium.
   555 | D:5      | time to acq gold
   626 | D:5      | Reached skill level 6 in Axes
   670 | D:5      | Noticed Edmund
   671 | D:5      | Noticed a sky beast
   679 | D:5      | Killed Edmund
   679 | D:5      | Reached skill level 5 in Fighting
   679 | D:5      | Reached XP level 6. HP: 56/56 MP: 5/5
   681 | D:5      | Killed a sky beast
   681 | D:5      | Reached skill level 5 in Armour
   730 | D:6      | Reached skill level 7 in Axes
   730 | D:6      | Reached XP level 7. HP: 56/61 MP: 6/6
   772 | D:6      | Noticed Pikel
   790 | D:6      | Killed Pikel
   790 | D:6      | Reached skill level 8 in Axes
   790 | D:6      | Reached XP level 8. HP: 71/71 MP: 7/7
   952 | D:7      | Reached skill level 9 in Axes
  1020 | D:7      | Found a sand-covered staircase.
  1037 | Ossuary  | Entered an ossuary
  1197 | D:8      | Noticed a two-headed ogre
  1203 | D:8      | Killed a two-headed ogre
  1203 | D:8      | Reached skill level 10 in Axes
  1267 | D:8      | Reached XP level 9. HP: 75/80 MP: 8/8
  1288 | D:9      | Found a glowing golden altar of the Shining One.
  1351 | D:9      | Reached *** piety under Trog
  1439 | D:9      | Reached skill level 11 in Axes
  1444 | D:9      | Found a staircase to the Orcish Mines.
  1525 | Orc:1    | Entered Level 1 of the Orcish Mines
  1938 | Orc:1    | Reached **** piety under Trog
  2095 | Orc:3    | Reached skill level 12 in Axes
  2133 | Orc:3    | Found a shimmering altar of Xom.
  2246 | Orc:4    | Entered Level 4 of the Orcish Mines
  2293 | Orc:3    | Reached XP level 10. HP: 91/91 MP: 9/9
  2374 | Orc:4    | Noticed an orc knight
  2401 | Orc:4    | Killed an orc knight
  2448 | Orc:4    | Noticed a sixfirhy
  2462 | Orc:4    | Killed a sixfirhy
  2462 | Orc:4    | Reached skill level 13 in Axes
  2726 | D:5      | Bought an uncursed ring of poison resistance for 300 gold pieces
  2726 | D:5      | Bought an uncursed amulet of resist corrosion for 300 gold pieces
  2726 | D:5      | Bought a cursed ring of teleportation for 217 gold pieces
  2811 | D:7      | You fall through a shaft!
  2811 | D:8      | Noticed Erolcha
  2817 | D:8      | Killed Erolcha
  2817 | D:8      | Reached skill level 10 in Armour
  3024 | D:9      | Found a deep blue altar of Sif Muna.
  3050 | D:9      | Found a glowing silver altar of Zin.
  3110 | D:9      | Noticed a hill giant
  3115 | D:9      | Killed a hill giant
  3115 | D:9      | Reached skill level 14 in Axes
  3218 | D:9      | Found a radiant altar of Vehumet.
  3270 | D:9      | get good res
  3270 | D:9      | dont find lair
  3300 | D:9      | Reached XP level 11. HP: 97/97 MP: 10/10
  3337 | D:10     | Entered Level 10 of the Dungeon
  3345 | D:10     | Reached ***** piety under Trog
  3386 | D:10     | Reached skill level 15 in Axes
  3658 | D:10     | Found a staircase to the Lair.
  3659 | D:10     | Noticed Grum
  3696 | D:10     | Killed Grum
  3754 | Lair:1   | Entered Level 1 of the Lair of Beasts
  3754 | Lair:1   | Found a dark tunnel.
  3762 | Volcano  | Entered a volcano
  3924 | Volcano  | Received a gift from Trog
  3924 | Volcano  | Reached skill level 1 in Evocations
  4032 | Lair:2   | Noticed a seven-headed hydra
  4157 | Lair:3   | Found a staircase to the Shoals.
  4171 | Lair:3   | Noticed an eight-headed hydra
  4175 | Lair:3   | Reached skill level 16 in Axes
  4179 | Lair:3   | Killed a ten-headed hydra
  4228 | Lair:3   | Found a labyrinth entrance.
  4246 | Lab      | Entered a labyrinth
  4372 | Lab      | Noticed a minotaur
  4381 | Lab      | Killed a minotaur
  4396 | Lab      | Got a jet-encrusted plate armour
  4396 | Lab      | Identified the Collected Works on Blistering Confrontation (You found it in a labyrinth)
  4397 | Lab      | Identified the +10 plate armour "Main" {*Contam +Blink rPois Str-4} (You found it in a labyrinth)
  4417 | Lab      | Identified a +3 rod of destruction (9/9) (You found it in a labyrinth)
  4440 | Lair:3   | Reached XP level 12. HP: 76/104 MP: 14/14
  4566 | Lair:4   | Reached skill level 5 in Evocations
  4599 | Lair:4   | Noticed an ice dragon
  4630 | Lair:4   | Killed an ice dragon
  4826 | Shoals:1 | Entered Level 1 of the Shoals
  4849 | Shoals:1 | Reached skill level 17 in Axes
  4918 | Shoals:2 | Noticed a merfolk javelineer
  5000 | Shoals:1 | Noticed a merfolk aquamancer
  5022 | Shoals:1 | Killed a merfolk aquamancer
  5121 | Shoals:1 | Reached XP level 13. HP: 54/111 MP: 17/17
  5218 | Shoals:1 | Reached skill level 18 in Axes
  5310 | Shoals:1 | Noticed a merfolk impaler
  5328 | Shoals:2 | Noticed a merfolk aquamancer
  5333 | Shoals:2 | Killed a merfolk aquamancer
  5411 | Shoals:2 | a merfolk javelineer changed into an alligator
  5790 | Shoals:4 | Entered Level 4 of the Shoals
  5991 | Shoals:2 | Noticed a merfolk aquamancer
  5992 | Shoals:2 | HP: 4/111 [water elemental (14)]
  6025 | Shoals:1 | Killed a merfolk impaler
  6148 | Shoals:3 | Reached skill level 19 in Axes
  6150 | Shoals:3 | Reached skill level 10 in Evocations
  6152 | Shoals:3 | Reached XP level 14. HP: 86/118 MP: 20/20
  6415 | Shoals:4 | obviously
  6434 | Shoals:4 | Noticed Nikola
  6435 | Shoals:4 | Noticed Ilsuiw
  6609 | Shoals:4 | ofc
  6659 | Shoals:4 | Noticed Raultor's ghost (adept HOGl)
  6693 | Shoals:4 | Killed from afar by Nikola

Action                   |  1- 3 |  4- 6 |  7- 9 | 10-12 | 13-15 || total
-------------------------+-------+-------+-------+-------+-------++-------
Melee: Hand axe          |    49 |    47 |    68 |   492 |   320 ||   976
       War axe           |       |       |   120 |       |       ||   120
       Battleaxe         |       |       |    31 |       |     8 ||    39
Throw: Tomahawk          |       |       |       |     4 |       ||     4
Invok: Berserk           |     5 |     4 |    12 |    18 |    13 ||    52
       Trog's Hand       |       |     1 |     9 |    24 |    39 ||    73
       Brothers in Arms  |       |       |       |     3 |       ||     3
 Abil: Evoke Teleportati |       |       |       |       |    12 ||    12
Evoke: Wand              |       |       |     1 |     2 |     8 ||    11
       Rod               |       |       |       |     2 |       ||     2
       Deck              |       |       |       |     1 |       ||     1
  Use: Scroll            |     2 |     5 |     5 |     9 |    11 ||    32
       Potion            |     1 |     1 |     2 |     2 |     7 ||    13
  Eat: Chunk             |     3 |     5 |    21 |    34 |    29 ||    92
       Fruit             |       |       |       |     1 |       ||     1
